Map: New Gettysburg LE

Players

llllllllllll - Winner!

  • Race: Protoss Protoss
  • League: Diamond

Rare

  • Race: Zerg Zerg
  • League: Master

VOD

Have the link to the VOD?

Description

Time

  • Played on: Sept. 22, 2016, 1:29 p.m.
  • Length: 8:07
Show
View Real Time Build Order
Export as new Build Order

llllllllllll Protoss - Winner!

Build Orders:  

Get SALT Encoding   

  12  0:01  Probe (Chrono Boost)  
  13  0:11  Probe (Chrono Boost)  
  14  0:25  Probe (Chrono Boost)  
  14  0:27  Pylon  
  15  0:45  Probe (Chrono Boost)  
  16  0:54  Gateway  
  17  0:57  Probe (Chrono Boost)  
  17  1:02  Assimilator  
  17  1:07  Probe (Chrono Boost), Assimilator  
  18  1:18  Probe (Chrono Boost)  
  19  1:28  Probe (Chrono Boost)  
  20  1:39  Probe (Chrono Boost)  
  21  1:46  Nexus  
  21  1:52  Cybernetics Core  
  21  1:59  Pylon  
  21  2:03  Probe (Chrono Boost)  
  22  2:13  Probe (Chrono Boost)  
  23  2:17  Zealot  
  27  2:30  Mothership Core (Chrono Boost)  
  27  2:44  Zealot  
  27  2:45  Forge  
  30  2:59  Probe x2 (Chrono Boost)  
  31  3:10  Probe (Chrono Boost)  
  31  3:11  Probe (Chrono Boost)  
  33  3:20  Probe (Chrono Boost)  
  33  3:22  Photon Cannon  
  34  3:27  Assimilator  
  34  3:29  Assimilator  
  34  3:31  Pylon  
  34  3:33  Probe (Chrono Boost)  
  36  3:35  Probe (Chrono Boost)  
  36  3:44  Probe (Chrono Boost)  
  36  3:47  Probe (Chrono Boost)  
  38  3:55  Probe (Chrono Boost)  
  39  3:59  Probe (Chrono Boost)  
  39  4:02  Stargate  
  40  4:03  Stargate  
  40  4:06  Stargate  
  38  4:25  Photon Cannon  
  38  4:29  Probe (Chrono Boost)  
  38  4:30  Probe (Chrono Boost)  
  40  4:32  Pylon  
  40  4:35  Pylon  
  40  4:39  Probe (Chrono Boost)  
  40  4:42  Probe (Chrono Boost)  
  42  4:46  Oracle  
  42  4:48  Oracle  
  48  4:55  Oracle  
  51  5:02  Photon Cannon  
  51  5:10  Photon Cannon  
  51  5:21  Oracle  
  51  5:23  Oracle  
  57  5:33  Oracle  
  60  5:44  Pylon  
  60  5:57  Oracle, Pylon  
  60  5:59  Oracle  
  60  6:04  Oracle  
  69  6:33  Oracle  
  69  6:35  Oracle x2  
  75  6:46  Photon Cannon  
  78  6:47  Photon Cannon  
  78  6:49  Photon Cannon  
  78  6:52  Photon Cannon x2  
  78  7:02  Photon Cannon  
  78  7:08  Photon Cannon  
  78  7:09  Pylon  
  78  7:21  Void Ray  
Show
View Real Time Build Order
Export as new Build Order

Rare Zerg 

Build Orders: Hatch First 

Get SALT Encoding   

  12  0:01  Drone  
  13  0:13  Overlord  
  13  0:18  Drone  
  14  0:31  Drone  
  14  0:32  Drone  
  16  0:39  Drone  
  17  0:47  Drone  
  18  0:58  Hatchery  
  18  1:01  Drone  
  18  1:08  Extractor, Drone  
  18  1:20  Spawning Pool  
  18  1:22  Drone  
  18  1:29  Drone  
  19  1:41  Drone  
  20  1:51  Overlord  
  20  2:10  Queen  
  20  2:13  Queen  
  20  2:14  Metabolic Boost  
  24  2:20  Zergling x2  
  24  2:21  Zergling x2  
  24  2:22  Drone x2  
  28  2:25  Drone  
  29  2:33  Drone  
  30  2:37  Drone  
  31  2:46  Overlord  
  31  2:49  Drone  
  32  2:54  Hatchery  
  31  3:06  Drone x2  
  31  3:07  Drone x2  
  35  3:15  Drone  
  35  3:17  Drone  
  37  3:22  Drone x3  
  37  3:23  Overlord  
  37  3:24  Drone x2  
  42  3:29  Queen  
  42  3:31  Overlord  
  44  3:44  Zergling x6  
  47  3:52  Queen  
  49  3:57  Zergling x4  
  49  3:58  Zergling x6  
  54  4:06  Queen  
  54  4:07  Drone x4  
  59  4:15  Drone x2  
  60  4:17  Drone  
  60  4:20  Extractor  
  60  4:21  Extractor, Drone x2  
  60  4:23  Evolution Chamber, Drone  
  62  4:24  Drone  
  62  4:26  Evolution Chamber  
  62  4:28  Drone  
  61  4:44  Drone x4  
  61  4:45  Drone  
  66  4:52  Overlord  
  66  4:53  Roach Warren  
  66  4:54  Overlord  
  66  5:14  Drone x6  
  66  5:15  Drone  
  72  5:22  Hatchery  
  72  5:23  Overlord  
  72  5:25  Zerg Ground Armor Level 1, Zerg Melee Weapons Level 1  
  72  5:26  Drone x2  
  72  5:27  Drone x3  
  76  5:31  Lair  
  76  5:37  Overlord  
  76  5:45  Overlord  
  76  5:47  Overlord  
  76  5:50  Roach x2  
  76  5:51  Roach x2  
  85  5:57  Drone x3  
  85  5:58  Drone x3  
  85  6:03  Extractor  
  89  6:06  Extractor  
  88  6:16  Roach x3  
  88  6:17  Roach x3  
  102  6:18  Roach  
  102  6:19  Roach  
  102  6:20  Roach x2  
  99  6:25  Spore Crawler  
  99  6:26  Drone, Spore Crawler  
  99  6:28  Spore Crawler  
  99  6:30  Spore Crawler  
  82  6:38  Hydralisk Den  
  76  6:44  Overlord  
  76  6:45  Drone  
  76  6:46  Drone x2  
  79  6:49  Drone x3, Hatchery  
  79  6:50  Drone  
  79  6:53  Drone x3  
  85  6:55  Drone x2  
  85  6:58  Drone x2  
  89  7:04  Drone x2  
  89  7:05  Drone  
  92  7:09  Drone x2  
  92  7:15  Drone  
  94  7:32  Extractor  
  94  7:34  Drone x6  
Tags
 
Add a new tag
Caveats
  • Supply blocks, unpowered buildings, or Contaminate may cause inaccurate times.
  • Supply counts are checked every 10 seconds.